 Dungeon Crawl Stone Soup version 0.17-a0-402-g023398c (webtiles) character file.

94 Sixotanaka the Chopper (level 4, 0/39 HPs)
             Began as a Hill Orc Berserker on Apr 1, 2015.
             Was a Believer of Trog.
             Slain by an orc
             ... wielding a +0 trident
              (8 damage)
             ... on level 3 of the Dungeon.
             The game lasted 00:03:51 (2059 turns).

Sixotanaka the Chopper (Hill Orc Berserker)         Turns: 2059, Time: 00:03:51

Health: 0/39       AC:  3    Str: 20    XL:     4   Next: 63%
Magic:  4/4        EV: 11    Int:  7    God:    Trog [**....]
Gold:   171        SH:  0    Dex: 10    Spells: 0 memorised, 3 levels left

rFire  . . .     SeeInvis .     a - +0 hand axe
rCold  . . .     Clarity  .     m - +0 leather armour (curse)
rNeg   . . .     SustAb   .     (no shield)
rPois  .         Gourm    .     (no helmet)
rElec  .         Spirit   .     (no cloak)
rCorr  .         Warding  .     (no gloves)
rMut   .         Stasis   .     (no boots)
MR     ++...                    h - amulet of regeneration
Stlth  +.........               (no ring)
                                (no ring)

@: exhausted, regenerating, slowed, very slow, very resistant to hostile
enchantments, very unstealthy
A: no striking features
a: Burn Spellbooks, Berserk, Trog's Hand, Renounce Religion


You were on level 3 of the Dungeon.
You worshipped Trog.
Trog was pleased with you.
You were very hungry.

You visited 1 branch of the dungeon, and saw 3 of its levels.

You collected 171 gold pieces.


   Skills:
 - Level 3.6 Fighting
 + Level 6.9 Axes
 - Level 2.1 Armour
 - Level 1.5 Dodging


You had 3 spell levels left.
You didn't know any spells.

Dungeon Overview and Level Annotations

Branches:
Dungeon (3/15)

Altars:

Inventory:

Hand weapons
 a - a +0 hand axe (weapon)
Missiles
 p - 4 poisoned needles
Armour
 m - a cursed +0 leather armour (worn)
Jewellery
 b - an uncursed ring of poison resistance {unknown}
 h - an amulet of regeneration (around neck)
Scrolls
 e - 2 scrolls of amnesia {unknown}
 f - a scroll of immolation {unknown}
 l - a scroll of noise {unknown}
 n - 2 scrolls of enchant armour {unknown}
 q - a scroll of teleportation {unknown}
 r - a scroll of enchant weapon {unknown}
 s - 4 scrolls of remove curse {unknown}
 u - a scroll of random uselessness {unknown}
 v - 3 scrolls of identify {unknown}
Potions
 d - a potion of lignification {unknown}
 g - 2 potions of curing {unknown}
 i - a potion of might {unknown}
 j - a potion of heal wounds {unknown}
 k - a potion of brilliance {unknown}
 o - a potion of agility {unknown}
 t - a potion of haste {unknown}
Comestibles
 c - 2 bread rations

$....# . .. ##.# .......
...#.###.#.
##......#.....o..$.#
...................#.###
...>..... #...o......#
#......# #.# ...# #.....## #†#
#....
##<.....########.##......
#........@o.##...........
#.......#.oo.......##.##.
#................###
#................#
##.....#.....#....##.#
#######.........##.........#
#........##########..##.......
.........# #### #.....#.....
..######.# #..#####).......#.


You could see an orc wizard and 2 orcs.


Message History

The orc hits you but does no damage. The orc wizard closely misses you.
The orc closely misses you.
You hit the orc wizard. You hit the orc. You hit the orc.
You hit the orc wizard. The orc misses you.
The orc wizard points at you and mumbles some strange words.
The magic dart hits you!
You closely miss the orc. You closely miss the orc wizard.
You miss the giant gecko. The giant gecko misses you. The orc misses you.
The orc hits you but does no damage.
The orc wizard hits you but does no damage.
The giant gecko bites you.
You hit the orc. You hit the orc wizard. You barely miss the giant gecko.
The orc hits you.
The orc hits you from afar with a trident.
* * * LOW HITPOINT WARNING * * *
The orc wizard hits you but does no damage.
The giant gecko bites you.
* * * LOW HITPOINT WARNING * * *
A red film seems to cover your vision as you go berserk!
You feel yourself moving faster!
You feel mighty!
You are feeling hungry.
The orc completely misses you. The giant gecko closely misses you.
The orc wizard mumbles some strange words.
The orc wizard seems to speed up.
The orc closely misses you.
You closely miss the orc wizard. You hit the giant gecko. You slash the orc!
You kill the orc!
Trog accepts your kill. The giant gecko misses you.
The orc wizard hits you with a dagger.
* * * LOW HITPOINT WARNING * * *
You closely miss the orc wizard. You hit the orc. You miss the giant gecko.
The orc hits you from afar with a trident.
* * * LOW HITPOINT WARNING * * *
The orc wizard casts a spell.
The orc wizard blinks!
The giant gecko barely misses you.
You hit the orc.
You kill the orc!
Trog accepts your kill.
You hit the giant gecko.
You kill the giant gecko!
Trog accepts your kill.
You barely miss the orc.
The orc hits you from afar with a trident.
* * * LOW HITPOINT WARNING * * *
The orc barely misses you.
You see here a rat corpse.
You feel a strong urge to attack something.
You are no longer berserk.
You are exhausted.
You feel yourself slow down.
You are feeling very hungry.
You closely miss the orc. You closely miss the orc wizard. You hit the orc.
The orc wizard hits you with a dagger.
* * * LOW HITPOINT WARNING * * *
The orc hits you but does no damage.
The orc wizard casts a spell.
The orc wizard blinks!
Your skin crawls.
You feel resistant to hostile enchantments.
You feel slightly more hungry. The orc completely misses you.
The orc hits you from afar with a trident.
* * * LOW HITPOINT WARNING * * *
The orc hits you with a dagger.
* * * LOW HITPOINT WARNING * * *
You hit the orc wizard. The orc wizard hits you with a dagger.
* * * LOW HITPOINT WARNING * * *
You hit the orc wizard but do no damage.
You barely miss the orc.
The orc hits you from afar with a trident!
You die...

Action                   |  1- 3 |  4- 6 || total
-------------------------+-------+-------++-------
Melee: Hand axe          |   151 |    60 ||   211
Invok: Berserk           |     2 |     1 ||     3
       Trog's Hand       |       |     2 ||     2
  Eat: Chunk             |     3 |     2 ||     5
       Beef jerky        |       |     1 ||     1

Vault maps used:
D:1:      dpeg_arrival_radiant, minivault_19
D:3:      roderic_curled_sauvastika, ashenzari_altar_1, uniq_natasha

Notes
Turn   | Place    | Note
--------------------------------------------------------------
     0 | D:1      | Sixotanaka, the Hill Orc Berserker, began the quest for the Orb.
     0 | D:1      | Reached XP level 1. HP: 19/19 MP: 1/1
   458 | D:1      | Reached XP level 2. HP: 26/26 MP: 2/2
   659 | D:1      | Reached skill level 5 in Axes
   973 | D:1      | Acquired Trog's second power
  1045 | D:1      | Reached XP level 3. HP: 31/31 MP: 3/3
  1347 | D:2      | Reached skill level 6 in Axes
  1591 | D:2      | Reached XP level 4. HP: 20/39 MP: 4/4
  1597 | D:2      | HP: 9/39 [poisoned by an adder]
  1602 | D:2      | HP: 8/39 [poisoned by an adder]
  1607 | D:2      | HP: 8/39 [poisoned by an adder]
  2042 | D:3      | HP: 12/58 [orc wizard/dagger (4)]
  2055 | D:3      | HP: 9/39 [orc/trident (5)]
  2059 | D:3      | Slain by an orc

Vanquished Creatures
  3 adders
  2 worms (D:2)
  4 orcs (D:3)
  6 hobgoblins
  A ball python (D:1)
  7 bats
  4 giant cockroaches
  5 giant geckos
  3 giant newts
  5 goblins (D:1)
  4 kobolds
  7 rats
51 creatures vanquished.
